 Dungeon Crawl Stone Soup version 0.25-a0-346-g140ab78 (webtiles) character file.

Game seed: 14995655521903769487, levelgen mode: deterministic

117 Blackhawk the Ducker (level 4, -3/35 HPs)
             Began as a Demonspawn Gladiator on Dec 31, 2019.
             Killed from afar by an orc wizard (4 damage)
             ... with a magic dart
             ... on level 3 of the Dungeon.
             The game lasted 00:04:01 (2665 turns).

Blackhawk the Ducker (Demonspawn Gladiator)         Turns: 2665, Time: 00:04:01

Health: -3/35      AC:  4    Str: 15    XL:     4   Next: 71%
Magic:  4/4        EV: 19    Int:  9    God:
Gold:   70         SH:  0    Dex: 20    Spells: 3/3 levels left

rFire    . . .     SeeInvis .   a - +0 war axe
rCold    . . .     Gourm    .   (no shield)
rNeg     . . .     Faith    .   b - +0 leather armour
rPois    .         Spirit   .   c - +0 helmet
rElec    .         Reflect  .   (no cloak)
rCorr    .         Harm     .   (no gloves)
MR       .....                  (no boots)
Stlth    ++........             (no amulet)
HPRegen  0.11/turn              (no ring)
MPRegen  0.09/turn              (no ring)

@: confused, agile, lethally poisoned (-3 -> -24), slowed, very slow
A: talons 1
a: no special abilities


You were on level 3 of the Dungeon.
You were not hungry.

You visited 1 branch of the dungeon, and saw 3 of its levels.

You collected 70 gold pieces.

Inventory:

Hand Weapons
 a - a +0 war axe (weapon)
Missiles
 d - 3 throwing nets (quivered)
 j - 12 poisoned darts
Armour
 b - a +0 leather armour (worn)
 c - a +0 helmet (worn)
Scrolls
 e - 2 scrolls of teleportation {unknown}
 k - 2 scrolls of identify {unknown}
 l - a scroll of fear {unknown}
 n - 2 scrolls of amnesia {unknown}
Potions
 g - 2 potions of agility
Comestibles
 f - 5 rations
 h - 2 chunks of flesh


   Skills:
 + Level 3.0 Fighting
 + Level 3.4 Axes
 - Level 2.3 Throwing
 + Level 1.0 Armour
 + Level 3.4 Dodging


You had 3 spell levels left.
You didn't know any spells.
Your spell library was empty.

Dungeon Overview and Level Annotations

Branches:
Dungeon (3/15)

Altars:
Dithmenos
Qazlal


Innate Abilities, Weirdness & Mutations

You have sharp toenails.


Message History

You are confused.
You feel invigorated.
* * * LOW HITPOINT WARNING * * *
You feel sick. The orc wizard barely misses you.
The orc wizard gestures at you while chanting.
The magic dart hits you.
* * * LOW HITPOINT WARNING * * *
You slash the orc wizard! Your kick misses the orc wizard.
The orc wizard is almost dead.
* * * LOW HITPOINT WARNING * * *
You feel sick.
The orc wizard points at you and mumbles some strange words.
The magic dart hits you.
* * * LOW HITPOINT WARNING * * *
The orc wizard hits you with a +0 dagger of venom.
* * * LOW HITPOINT WARNING * * *
You are more poisoned.
The orc wizard casts a spell at you. The magic dart hits you.
You die...

#≈≈≈S #.# #######.# .
........ .. #.b.#.# ...
#..#.# .... ....##.....
#.)...# #)o#### #.@)..#
#..... #... #..##.#
#.....##... # #.....#
#..........
#.#....####..........
#.........#.<..^.....
###....##.#.###......
###..##....###.....
##.##...÷........
########..#............


You could see an orc wizard and a bat.

Vanquished Creatures
  4 adders
  A worm (D:2)
  A dart slug (D:1)
  4 leopard geckos
  8 orcs
  A ball python (D:3)
  A bat (D:3)
  3 giant cockroaches (D:1)
  10 hobgoblins
  A quokka (D:2)
  5 frilled lizards
  10 goblins
  7 kobolds
  6 rats
62 creatures vanquished.

Notes
Turn   | Place    | Note
-------+----------+-------------------------------------------
     0 | D:1      | Blackhawk the Demonspawn Gladiator began the quest for the
                  | Orb.
     0 | D:1      | Reached XP level 1. HP: 16/16 MP: 1/1
   105 | D:1      | Gained mutation: You have sharp toenails. [demonic
                  | ancestry]
   105 | D:1      | Reached XP level 2. HP: 11/22 MP: 2/2
   379 | D:1      | HP: 1/22 [hobgoblin (3)]
   885 | D:1      | Reached XP level 3. HP: 28/28 MP: 3/3
  1599 | D:2      | Found a shadowy altar of Dithmenos.
  1635 | D:2      | Reached XP level 4. HP: 17/34 MP: 4/4
  2019 | D:2      | Found a stormy altar of Qazlal.
  2651 | D:3      | Reached skill level 1 in Armour
  2664 | D:3      | HP: 1/35 [orc wizard/magic dart (5)]
  2665 | D:3      | Killed from afar by an orc wizard

Levels and vault maps discovered:
D:1:      giann_bridges, layout_basic
D:2:      layout_basic, nicolae_qazlal_general_emergency,
          nicolae_dithmenos_through_a_glass_darkly, roderic_lattice_a
D:3:      layout_basic, eat_drink_and_be_merry_uskayaw, lemuel_round_altar,
          yredelemnul_forgotten_temple_becter, gup_sewer_entry_glass,
          serial_curves, eino_curves_01, eino_curves_03, uniq_sigmund

Skill      XL: |  1  2  3  4 |
---------------+-------------+-----
Throwing       | 2 |  2.3
Dodging        | 3 |  3.4
Axes           | 3 |  3.4
Fighting       | 3 |  3.0
Armour         | 1 |  1.0

Action                   |  1- 3 |  4- 6 || total
-------------------------+-------+-------++-------
Melee: War axe           |   101 |    55 ||   156
       Kick              |    19 |    12 ||    31
  Use: Potion            |       |     6 ||     6
 Stab: Sleeping          |     2 |     1 ||     3
       Invisible         |       |     4 ||     4
  Eat: Chunk             |     2 |     4 ||     6
Armor: Leather armour    |    20 |     9 ||    29
Dodge: Dodged            |    91 |    82 ||   173

Table legend:
 A = Non-vault XP
 B = Vault XP
 C = Vault XP percentage of total XP
 D = Non-vault monster count
 E = Vault monster count
 F = Vault count percentage of total count
                 A         B        C        D         E       F
            +---------+---------+-------+---------+---------+-------
      Total |     168 |       0 |   0.0 |      62 |       0 |   0.0
            +---------+---------+-------+---------+---------+-------
        D:1 |      41 |       0 |   0.0 |      24 |       0 |   0.0
        D:2 |      69 |       0 |   0.0 |      21 |       0 |   0.0
        D:3 |      58 |       0 |   0.0 |      17 |       0 |   0.0
            +---------+---------+-------+---------+---------+-------
